 Dungeon Crawl Stone Soup version 0.27-a0-911-gfacc31910f (webtiles) character file.

Game seed: 9934020222904291165

4286 DarkShadow the Cleaver (level 10, -5/88 HPs)
             Began as a Minotaur Fighter on Apr 9, 2021.
             Was an Initiate of Gozag.
             Killed by vampiric draining
             ... invoked by a vampire
              (16 damage)
             ... on level 8 of the Dungeon.
             The game lasted 00:18:54 (8838 turns).

DarkShadow the Cleaver (Minotaur Fighter)           Turns: 8838, Time: 00:18:55

Health: -5/88      AC: 15    Str: 23    XL:     10   Next: 10%
Magic:  9/9        EV:  8    Int:  8    God:    Gozag
Gold:   479        SH: 15    Dex: 21    Spells: 9/9 levels left

rFire    . . .     SeeInvis .   a - +1 war axe
rCold    . . .     Faith    .   c - +3 kite shield
rNeg     . . .     Spirit   .   t - +1 plate armour of Okawaru's Castigation {Int+3 Dex+4}
rPois    .         Reflect  .   (helmet restricted)
rElec    .         Harm     .   s - scarf {repulsion}
rCorr    .         Rampage  .   (no gloves)
Will     .....                  (no boots)
Stlth    ..........             (no amulet)
HPRegen  0.24/turn              k - +6 ring of dexterity
MPRegen  0.11/turn              l - ring of flight

@: flying, studying Throwing, repel missiles
A: horns 2, retaliatory headbutt
a: Renounce Religion, Potion Petition, Call Merchant, Bribe Branch


You were on level 8 of the Dungeon.
You worshipped Gozag.
Gozag was aware of your devotion.
You visited 2 branches of the dungeon, and saw 9 of its levels.

You collected 598 gold pieces.
You paid 119 gold pieces to Gozag.

Inventory:

Hand Weapons
 a - a +1 war axe (weapon)
Missiles
 d - 6 throwing nets (quivered)
Armour
 b - a +0 scale mail
 c - a +3 kite shield (worn)
 s - a scarf of repulsion (worn)
 t - the +1 plate armour of Okawaru's Castigation (worn) {Int+3 Dex+4}
   (You found it on level 7 of the Dungeon)

   It affects your intelligence (+3).
   It affects your dexterity (+4).
 w - a +0 plate armour
Jewellery
 k - a +6 ring of dexterity (left hand)
 l - a ring of flight (right hand)
 u - a ring of resist corrosion
Wands
 f - a wand of flame (18)
 n - a wand of polymorph (8)
 o - a wand of random effects (39)
 p - a wand of digging (8)
Scrolls
 g - 2 scrolls of blinking
 h - 4 scrolls of fog
 x - 2 scrolls of identify
Potions
 e - a potion of ambrosia
 i - a potion of degeneration
 j - a potion of mutation {unknown}
 m - a potion of brilliance {unknown}
 q - a potion of curing {unknown}
 v - 2 potions of heal wounds {unknown}
 z - a potion of lignification {unknown}


   Skills:
 + Level 8.1 Fighting
 + Level 10.6 Axes
 + Level 8.9 Armour
 + Level 3.7 Dodging
 + Level 1.1 Stealth
 + Level 8.7 Shields


You had 9 spell levels left.
You didn't know any spells.
Your spell library contained the following spells:

 Spells                   Type           Power      Damage    Failure   Level
 Foxfire                  Conj/Fire      0%         2x1d4     100%        1
 Magic Dart               Conj           0%         1d3       100%        1
 Blink                    Tloc           N/A        N/A       100%        2
 Call Imp                 Summ           0%         N/A       100%        2
 Slow                     Hex            0%         N/A       100%        2
 Confusing Touch          Hex            0%         N/A       100%        3
 Conjure Flame            Conj/Fire      0%         6-21      100%        3
 Gell's Gravitas          Tloc           0%         N/A       100%        3
 Inner Flame              Hex/Fire       0%         N/A       100%        3
 Mephitic Cloud           Conj/Pois/Air  0%         N/A       100%        3
 Petrify                  Tmut/Erth      0%         N/A       100%        4
 Sticky Flame             Conj/Fire      0%         2d3       100%        4
 Fireball                 Conj/Fire      0%         3d3       100%        5
 Metabolic Englaciation   Hex/Ice        0%         N/A       100%        5
 Yara's Violent Unravell  Hex/Tmut       0%         3d3       100%        5


Dungeon Overview and Level Annotations

Branches:
Dungeon (8/15)             Temple (1/1) D:7
   Lair: D:8-11

Altars:
Ashenzari
Cheibriados
Dithmenos
Elyvilon
Gozag
Kikubaaqudgha
Makhleb
Nemelex Xobeh
Qazlal
Trog
Wu Jian
Xom
Yredelemnul
Zin
The Shining One

Portals:
Abyss: D:4

Annotations:
D:4 2 transporters, DarkShadow's ghost, amateur MiFi


Innate Abilities, Weirdness & Mutations

You have a pair of horns on your head.
You reflexively headbutt those who attack you in melee.


Message History

You feel invigorated. Something hits you but does no damage.
Something bites you!
* * * LOW HITPOINT WARNING * * *
Something draws strength from your injuries!
Unknown command.
You miss something. You headbutt something.
You hear some strange, mumbled words.
You are more confused.
Something hits you but does no damage. Something bites you!
* * * LOW HITPOINT WARNING * * *
Something draws strength from your injuries!
You bump into the rock wall.
You feel less invigorated.
A vampire appears from thin air!
Reactivating autopickup.
The vampire hits you but does no damage.
The vampire bites you but does no damage.
You hit the vampire.
You headbutt the vampire, but do no damage.
The vampire is moderately damaged.
The vampire points at itself and mumbles some strange words.
The vampire flickers and vanishes!
Deactivating autopickup; reactivate with Ctrl-A.
You slash something! You headbutt something!
Something hits you but does no damage. Something bites you but does no damage.
You miss something. Something hits you.
* * * LOW HITPOINT WARNING * * *
Something completely misses you. Something hits you but does no damage.
Something bites you.
* * * LOW HITPOINT WARNING * * *
Something draws strength from your injuries!
You feel less confused.
You hear the steady creaking of a distant portcullis.
Something hits you.
* * * LOW HITPOINT WARNING * * *
You block something's attack. You block something's attack.
Something bites you but does no damage.
There is a stone staircase leading down here.
Something draws life force from you!
You die...
Your body crumbles into a pile of gold.

#.......###......≈≈≈
##.......# #..#...≈#
..........###..#...≈# #
###.......##<......≈#
##.#.........###))....≈#
..#.#..............#.≈# $
...........#.#......≈# #
#.####....#.#....#.≈#
#.###.....@............≈≈≈
#.#)))....................
#..)..........#.#....#.#..
#####.#.#######...#.######.#
# ......#'## #.$.#.. #
###....# ##$$#############
#....# #####.....{.........
#....# #...................
#.#.####.....##############


There were no monsters in sight!

Vanquished Creatures
  Harold (D:7)
  Pikel (D:4)
  Grinder (D:4)
  A wyvern (D:6)
  Menkaure (D:7)
  A water moccasin (D:7)
  An orc warrior (D:6)
  2 black bears
  A necrophage (D:4)
  A hornet zombie (D:6)
  2 sky beasts
  A centaur (D:4)
  A phantom (D:7)
  A lemure (D:4)
  4 bullfrogs
  2 kobold brigands (D:5)
  2 gnoll sergeants
  2 scorpions (D:6)
  A wyvern skeleton (D:6)
  2 howler monkeys
  2 centaur zombies
  6 hounds
  3 jellies
  A centaur skeleton (D:5)
  2 orc priests
  3 iguanas
  Ijyb (D:4)
  6 orc wizards
  A killer bee zombie (D:6)
  A mummy (D:5)
  A howler monkey zombie (D:5)
  Robin (D:4)
  8 gnolls
  9 adders
  2 white imps
  An ufetubus (D:5)
  2 adder skeletons
  2 worms
  2 dart slugs
  24 orcs
  8 ball pythons
  6 endoplasms
  10 giant cockroaches
  14 goblins
  13 hobgoblins
  9 jackals
  3 quokkas
  4 bats
  7 frilled lizards
  8 kobolds
  5 rats
194 creatures vanquished.

Notes
Turn   | Place    | Note
-------+----------+-------------------------------------------
     0 | D:1      | DarkShadow the Minotaur Fighter began the quest for the
                  | Orb.
     0 | D:1      | Reached XP level 1. HP: 19/19 MP: 0/0
   134 | D:1      | Reached XP level 2. HP: 23/27 MP: 1/1
   553 | D:1      | Reached skill level 3 in Axes
   563 | D:1      | Reached XP level 3. HP: 25/33 MP: 2/2
  1051 | D:2      | Reached XP level 4. HP: 36/41 MP: 3/3
  1358 | D:2      | Reached skill level 4 in Axes
  1542 | D:2      | Reached XP level 5. HP: 33/47 MP: 4/4
  2696 | D:4      | Noticed a black bear
  2696 | D:4      | Noticed a necrophage
  2708 | D:4      | Killed a black bear
  2709 | D:4      | Reached skill level 5 in Fighting
  2709 | D:4      | Reached skill level 5 in Axes
  2709 | D:4      | Reached skill level 1 in Dodging
  2709 | D:4      | Reached XP level 6. HP: 38/56 MP: 5/5
  2716 | D:4      | Reached skill level 5 in Armour
  2716 | D:4      | Reached skill level 5 in Shields
  2878 | D:4      | Found a one-way gate to the infinite horrors of the Abyss.
  2878 | D:4      | Noticed DarkShadow's ghost (amateur MiFi)
  2882 | D:4      | Noticed a small abomination
  2906 | D:4      | Found a transporter.
  2924 | D:4      | Found a transporter.
  3146 | D:4      | Noticed Grinder
  3155 | D:4      | Paralysed by Grinder for 2 turns
  3162 | D:4      | Killed Grinder
  3163 | D:4      | Reached skill level 6 in Axes
  3163 | D:4      | Reached XP level 7. HP: 26/61 MP: 6/6
  3901 | D:4      | Noticed Robin
  4134 | D:4      | Killed Robin
  4214 | D:4      | Noticed Ijyb
  4220 | D:4      | Killed Ijyb
  4530 | D:5      | Entered Level 5 of the Dungeon
  4730 | D:5      | Found a snail-covered altar of Cheibriados.
  4879 | D:5      | Found a large runed translucent door.
  4879 | D:5      | Found a large runed translucent door.
  4884 | D:5      | Found a shimmering altar of Xom.
  4895 | D:5      | Reached skill level 7 in Axes
  4895 | D:5      | Reached XP level 8. HP: 58/70 MP: 7/7
  5166 | D:5      | Found a glowing golden altar of the Shining One.
  5170 | D:5      | Found a glowing silver altar of Zin.
  5170 | D:5      | Found a white marble altar of Elyvilon.
  5392 | D:5      | Noticed Pikel
  5405 | D:4      | Killed Pikel
  5406 | D:4      | Reached skill level 8 in Axes
  6149 | D:6      | Reached XP level 9. HP: 71/78 MP: 8/8
  6622 | D:6      | Reached skill level 9 in Axes
  6730 | D:6      | Found a broken altar of Ashenzari.
  6931 | D:6      | Found an ancient bone altar of Kikubaaqudgha.
  6933 | D:6      | Found a shimmering altar of Xom.
  6933 | D:6      | Found an ornate altar of the Wu Jian Council.
  6978 | D:7      | Found a staircase to the Ecumenical Temple.
  6989 | Temple   | Entered the Ecumenical Temple
  7087 | Temple   | Became a worshipper of Gozag Ym Sagoz the Greedy
  7214 | D:7      | Identified the +1 plate armour of Okawaru's Castigation
                  | {Int+3 Dex+4}
  7362 | D:7      | Reached skill level 1 in Stealth
  7436 | D:7      | Noticed Harold
  7458 | D:7      | Killed Harold
  7459 | D:7      | Reached skill level 10 in Axes
  7842 | D:7      | Noticed Menkaure
  7855 | D:7      | Killed Menkaure
  7856 | D:7      | Reached XP level 10. HP: 9/88 MP: 9/9
  8823 | D:8      | HP: 3/88 [something (7)]
  8838 | D:8      | Killed from afar by a vampire

Illustrated notes

Levels and vault maps discovered:
D:1:      wander_arrival_fairy_ring, layout_basic, minmay_misc_feat_iff
D:2:      minmay_roachtagon, layout_basic, minmay_misc_feat_columns, st_stairs_6
D:3:      layout_rooms, st_stairs_9, kennysheep_generic_room_16
D:4:      layout_loops_corners, gammafunk_ghost_abyssal_escape, st_stairs_3,
          minmay_manual_mullet, uniq_robin, uniq_ijyb, uniq_grinder
D:5:      due_chaos_kobolds, layout_basic, good_gods_mini_temple, slow_altar_2,
          hangedman_decor_points, uniq_pikel
D:6:      layout_rooms, minitemple
D:7:      layout_loops_ring, minmay_temple_entry_poolview, uniq_menkaure,
          uniq_harold
D:8:      layout_basic, general_overflow_altar, enter_bailey_4
Temple:   nicolae_temple_figure_eight

Skill      XL: |  1  2  3  4  5  6  7  8  9 |
---------------+----------------------------+-----
Fighting       | 4 5 6 8 |  8.1
Shields        | 4 5 7 8 |  8.7
Axes           | 3 4 5 6 7 8 10 | 10.6
Armour         | 4 5 6 7 8 |  8.9
Dodging        | 1 2 3 |  3.7
Stealth        | 1 |  1.1

Action                   |  1- 3 |  4- 6 |  7- 9 | 10-12 || total
-------------------------+-------+-------+-------+-------++-------
Melee: War axe           |    68 |   123 |   264 |    57 ||   512
       Headbutt          |     6 |    18 |    63 |    18 ||   105
  Use: Potion            |       |     1 |     1 |     2 ||     4
       Scroll            |       |       |    13 |       ||    13
Armor: Scale mail        |    44 |    68 |    86 |       ||   198
       Plate armour      |       |       |     9 |    34 ||    43
Dodge: Dodged            |    29 |    41 |    87 |    12 ||   169
       Repelled          |       |       |     2 |       ||     2
Block: Kite shield       |    63 |    74 |   189 |    43 ||   369

Table legend: (Time is in decaauts)
 A = Elapsed time spent in this place.
 B = Non-inter-level travel time spent in this place.
 C = Inter-level travel time spent in this place.
 D = Time resting spent in this place.
 E = Time spent auto-exploring this place.
 F = Levels seen in this place.
 G = Mean time per level.
                   A        B        C        D        E       F      G
               +--------+--------+--------+--------+--------+-----+--------+
         Total |   9050 |   8986 |     64 |   2463 |   4341 |   9 | 1005.6 |
       Dungeon |   8903 |   8839 |     64 |   2463 |   4250 |   8 | 1112.9 |
        Temple |    146 |    146 |      0 |      0 |     91 |   1 |  146.0 |
               +--------+--------+--------+--------+--------+-----+--------+

Top non-repeatable levels by time:
     D:4: 1891 daAuts
     D:7: 1429 daAuts
     D:5: 1307 daAuts
     D:2: 1265 daAuts
     D:6: 1054 daAuts
     D:1: 844 daAuts
     D:3: 812 daAuts
     D:8: 297 daAuts
  Temple: 146 daAuts
